 Dungeon Crawl Stone Soup version 0.24-a0-479-g9a978d2894 (webtiles) character file.

Game seed: 6945609432475416768

645 Elric the Cudgeler (level 7, -2/52 HPs)
             Began as a Demonspawn Fighter on July 7, 2019.
             Was a Follower of Makhleb.
             Slain by an unseen horror (4 damage)
             ... on level 5 of the Dungeon.
             The game lasted 00:07:29 (4675 turns).

Elric the Cudgeler (Demonspawn Fighter)             Turns: 4675, Time: 00:07:29

Health: -2/52      AC:  8    Str: 18    XL:     7   Next: 27%
Magic:  7/7        EV:  8    Int: 10    God:    Makhleb [*.....]
Gold:   365        SH:  8    Dex: 12    Spells: 6/6 levels left

rFire    . . .     SeeInvis .   a - +0 flail
rCold    . . .     Gourm    .   c - +0 shield
rNeg     . . .     Faith    .   b - +0 scale mail
rPois    .         Spirit   .   n - +0 helmet
rElec    .         Reflect  .   t - +0 cloak
rCorr    .         Harm     .   (no gloves)
MR       .....                  (boots unavailable)
Stlth    ..........             (no amulet)
HPRegen  0.17/turn              (no ring)
MPRegen  0.10/turn              (no ring)

@: heavily drained
A: talons 3, repulsion field 1, demonic guardian 1
a: Renounce Religion


You were on level 5 of the Dungeon.
You worshipped Makhleb.
Makhleb was aware of your devotion.
You were not hungry.

You visited 1 branch of the dungeon, and saw 5 of its levels.

You collected 365 gold pieces.

Inventory:

Hand Weapons
 a - a +0 flail (weapon)
Armour
 b - a +0 scale mail (worn)
 c - a +0 shield (worn)
 n - a +0 helmet (worn)
 t - a +0 cloak (worn)
Wands
 p - a wand of iceblast (8)
 s - a wand of enslavement (7)
 u - a wand of acid (11)
Scrolls
 g - 2 scrolls of noise {unknown}
 h - 2 scrolls of teleportation {unknown}
 j - 3 scrolls of immolation {unknown}
 k - a scroll of remove curse {unknown}
 l - a scroll of enchant weapon {unknown}
 o - 2 scrolls of identify {unknown}
 r - a scroll of random uselessness {unknown}
Potions
 e - a potion of haste
 m - 2 potions of berserk rage {unknown}
 q - a potion of curing
Comestibles
 f - 5 rations


   Skills:
 - Level 3.0(1.7) Fighting
 + Level 7.3(5.9) Maces & Flails
 - Level 2.6(1.4) Armour
 - Level 2.6(1.4) Shields
 + Level 1.0(0.0) Unarmed Combat


You had 6 spell levels left.
You didn't know any spells.
Your spell library was empty.

Dungeon Overview and Level Annotations

Branches:
Dungeon (5/15)
 Temple: D:4-7

Altars:
Makhleb
Uskayaw
Zin


Innate Abilities, Weirdness & Mutations

You have claws for feet.
You are surrounded by a mild repulsion field. (EV +2)
A weak demonic guardian rushes to your aid.


Message History

* * * LOW HITPOINT WARNING * * *
Unknown command.
You feel much better. Something hits you but does no damage.
As you read the scroll labeled XEED MADEEMI, it crumbles to dust.
The scroll dissolves into smoke.
It was a scroll of fog.
Something hits you but does no damage. Something hits you!
You barely miss something. Your kick misses something. Something hits you.
Something hits you but does no damage. You block something's attack.
You miss something. Something hits you. Something hits you but does no damage.
Something hits you.
* * * LOW HITPOINT WARNING * * *
Something completely misses you.
You closely miss something. Something hits you but does no damage.
Something hits you.
* * * LOW HITPOINT WARNING * * *
You miss something. Something hits you!
* * * LOW HITPOINT WARNING * * *
Something hits you.
You die...

######### #.......###
+...$..... #....§...
#.....§§# #....§§.# .
......§@#######..
###+#####+#+##{§§.....#
####......<..#.##§§§.(..).
..........[.....§§§.......
.............#.##.........
....##'###+#.#.##...#+#..#
....##.# #.##...# .#
.....#.# #.####.# .....#.#
#.# ..


There were no monsters in sight!

Vanquished Creatures
  A phantom (D:4)
  4 wights
  Ijyb (D:3)
  Terence (D:2)
  3 adders
  An adder zombie (D:5)
  An adder skeleton (D:4)
  6 worms
  A dart slug (D:1)
  3 leopard geckos
  7 orcs
  10 bats
  2 giant cockroaches (D:2)
  8 goblins
  7 hobgoblins
  6 jackals
  A ball python (D:2)
  7 frilled lizards
  10 kobolds
  12 rats
92 creatures vanquished.

Vanquished Creatures (collateral kills)
  A sky beast (D:4)
  An ogre (D:4)
  Blork the orc (D:4)
  A wight (D:4)
  A jackal (D:4)
5 creatures vanquished.

Vanquished Creatures (others)
  An orc wizard (D:3)
  A hobgoblin (D:3)
2 creatures vanquished.

Grand Total: 99 creatures vanquished

Notes
Turn   | Place    | Note
-------+----------+-------------------------------------------
     0 | D:1      | Elric the Demonspawn Fighter began the quest for the Orb.
     0 | D:1      | Reached XP level 1. HP: 18/18 MP: 1/1
    16 | D:1      | Reached skill level 2 in Maces & Flails
    96 | D:1      | Gained mutation: You have sharp toenails. [demonic
                  | ancestry]
    96 | D:1      | Reached XP level 2. HP: 21/24 MP: 2/2
   223 | D:1      | Reached skill level 3 in Maces & Flails
   580 | D:1      | Reached XP level 3. HP: 29/29 MP: 3/3
  1095 | D:2      | Found a burning altar of Makhleb.
  1384 | D:2      | Noticed a balrug
  1388 | D:2      | Found a glowing silver altar of Zin.
  1389 | D:2      | Noticed an angel
  1395 | D:2      | Became a worshipper of Makhleb the Destroyer
  1545 | D:2      | Noticed Terence
  1563 | D:2      | Killed Terence
  1563 | D:2      | Reached skill level 4 in Maces & Flails
  1563 | D:2      | Gained mutation: You have razor-sharp toenails. [demonic
                  | ancestry]
  1563 | D:2      | Reached XP level 4. HP: 35/35 MP: 4/4
  1840 | D:2      | Reached * piety under Makhleb
  2270 | D:3      | Gained mutation: You are surrounded by a mild repulsion
                  | field. (EV +2) [demonic ancestry]
  2270 | D:3      | Reached XP level 5. HP: 33/41 MP: 5/5
  2421 | D:3      | Noticed Ijyb
  2435 | D:3      | Killed Ijyb
  2435 | D:3      | Reached skill level 5 in Maces & Flails
  2741 | D:3      | Found a hide-covered altar of Uskayaw.
  2951 | D:4      | Noticed an ogre
  3004 | D:3      | Gained mutation: A weak demonic guardian rushes to your
                  | aid. [demonic ancestry]
  3004 | D:3      | Reached XP level 6. HP: 25/47 MP: 6/6
  3257 | D:4      | Reached skill level 6 in Maces & Flails
  3427 | D:4      | Noticed a sky beast
  3439 | D:4      | Killed a sky beast
  3490 | D:4      | Reached skill level 7 in Maces & Flails
  3490 | D:4      | Gained mutation: You have claws for feet. [demonic
                  | ancestry]
  3490 | D:4      | Reached XP level 7. HP: 22/52 MP: 7/7
  4146 | D:4      | Noticed Blork the orc
  4155 | D:4      | Killed Blork the orc
  4487 | D:5      | Entered Level 5 of the Dungeon
  4652 | D:5      | Reached skill level 1 in Unarmed Combat
  4675 | D:5      | HP: 2/52 [something (9)]
  4675 | D:5      | Slain by an unseen horror

Levels and vault maps discovered:
D:1:      dpeg_arrival_simpleton_a, layout_basic, minivault_5, minmay_tall_x
D:2:      kennysheep_six_static_rooms, layout_basic,
          grunt_temple_overflow_order_and_chaos_2, first_ration,
          grunt_decor_arrowhead, nrook_campfire, uniq_terence
D:3:      layout_basic, overflow_temple_1_default, uniq_ijyb
D:4:      layout_loops_corners, uniq_blork_the_orc
D:5:      layout_basic, kennysheep_mini, kennysheep_dice

Skill      XL: |  1  2  3  4  5  6  7 |
---------------+----------------------+-----
Maces & Flails | 2 3 4 5 7 |  7.3
Unarmed Combat | 1 |  1.0
Fighting       | |  3.0
Armour         | |  2.6
Shields        | |  2.6

Action                   |  1- 3 |  4- 6 |  7- 9 || total
-------------------------+-------+-------+-------++-------
Melee: Flail             |   103 |   180 |    38 ||   321
       Kick              |    17 |    38 |    10 ||    65
  Use: Potion            |     1 |     5 |     1 ||     7
       Scroll            |       |       |     1 ||     1
  Eat: Chunk             |     2 |     4 |       ||     6
       Ration            |       |     2 |       ||     2
Armor: Scale mail        |    42 |    57 |    19 ||   118
Dodge: Dodged            |    23 |    69 |    11 ||   103
Block: Shield            |    52 |    75 |    13 ||   140

Table legend:
 A = Non-vault XP
 B = Vault XP
 C = Vault XP percentage of total XP
 D = Non-vault monster count
 E = Vault monster count
 F = Vault count percentage of total count
                 A         B        C        D         E       F
            +---------+---------+-------+---------+---------+-------
      Total |     770 |     152 |  16.5 |      85 |      13 |  13.3
            +---------+---------+-------+---------+---------+-------
        D:1 |      55 |       7 |  11.3 |      27 |       4 |  12.9
        D:2 |      66 |      44 |  40.0 |      24 |       7 |  22.6
        D:3 |     236 |      38 |  13.9 |      19 |       1 |   5.0
        D:4 |     404 |      63 |  13.5 |      13 |       1 |   7.1
        D:5 |       9 |       0 |   0.0 |       2 |       0 |   0.0
            +---------+---------+-------+---------+---------+-------
